 Dungeon Crawl Stone Soup version 0.28-a0-1616-g050a50673c (webtiles) character file.

Game seed: 15587936953936246319

641 Ordine the Magician (level 7, -2/36 HPs)
             Began as a Deep Elf Hedge Wizard on Jan 22, 2022.
             Was an Initiate of Sif Muna.
             Killed from afar by a gargoyle (20 damage)
             ... with a stone arrow
             ... on level 5 of the Dungeon.
             The game lasted 00:23:08 (5147 turns).

Ordine the Magician (Deep Elf Hedge Wizard)         Turns: 5147, Time: 00:23:09

Health: -2/36      AC:  4    Str:  7    XL:     7   Next: 26%
Magic:  12/16      EV: 13    Int: 21    God:    Sif Muna [......]
Gold:   389        SH:  0    Dex: 14    Spells: 7/16 levels left

rFire   + . .      SeeInvis .   m - +11 quarterstaff of Debt {elec, rElec rC+}
rCold   . . .      Faith    .   (shield currently unavailable)
rNeg    . . .      Spirit   .   b - +0 robe
rPois   .          Reflect  .   x - +2 hat
rElec   +          Harm     .   (no cloak)
rCorr   .          Rampage  .   (no gloves)
Will    .....                   (no boots)
Stlth   ++........              p - amulet of magic regeneration
HPRegen 0.12/turn               g - ring of fire
MPRegen 0.55/turn               (no ring)

@: very slightly contaminated
A: no striking features
a: Renounce Religion


You were on level 5 of the Dungeon.
You worshipped Sif Muna.
Sif Muna was noncommittal.
You visited 1 branch of the dungeon, and saw 5 of its levels.
You also visited: Ossuary.

You collected 389 gold pieces.

Inventory:

Hand Weapons
 m - the +11 quarterstaff of Debt (weapon) {elec, rElec rC+}
   (You found it on level 2 of the Dungeon)

   It occasionally discharges a powerful burst of electricity upon striking a
   foe.
   rC:        It protects you from cold.
   rElec:     It insulates you from electricity.
 u - a +1 dagger of protection
Armour
 b - a +0 robe (worn)
 x - a +2 hat (worn)
Jewellery
 g - a ring of fire (left hand)
 p - an amulet of magic regeneration (around neck)
Wands
 c - a wand of acid (7)
 w - a wand of iceblast (8)
Scrolls
 a - a scroll of immolation {unknown}
 f - 4 scrolls of teleportation {unknown}
 i - a scroll of silence {unknown}
 j - 7 scrolls of identify {unknown}
 o - a scroll of enchant armour {unknown}
 r - 3 scrolls of noise {unknown}
 t - 2 scrolls of fear {unknown}
 y - a scroll of vulnerability {unknown}
 B - a scroll of amnesia {unknown}
Potions
 d - 2 potions of mutation {unknown}
 e - a potion of invisibility {unknown}
 h - 3 potions of heal wounds
 k - a potion of attraction {unknown}
 l - a potion of brilliance {unknown}
 n - a potion of cancellation {unknown}
 q - 2 potions of curing {unknown}
 s - a potion of degeneration {unknown}
 v - a potion of might {unknown}
 z - a potion of flight {unknown}
 A - a potion of lignification {unknown}
 C - a potion of magic {unknown}
 D - a potion of haste {unknown}


   Skills:
 + Level 2.6 Staves
 - Level 3.0 Dodging
 - Level 3.0 Stealth
 - Level 5.0 Spellcasting
 + Level 3.6 Conjurations
 - Level 2.0 Summonings
 + Level 3.2 Translocations
 + Level 2.9 Fire Magic
 + Level 2.3 Air Magic
 + Level 2.7 Poison Magic
 + Level 0.0 Invocations


You had 7 spell levels left.
You knew the following spells:

 Your Spells              Type           Power      Damage    Failure   Level
a - Magic Dart            Conj           80%        1d7       2%          1
b - Blink                 Tloc           36%        N/A       4%          2
c - Conjure Flame         Conj/Fire      28%        6-21      9%          3
d - Mephitic Cloud        Conj/Pois/Air  17%        N/A       10%         3

Your spell library contained the following spells:

 Spells                   Type           Power      Damage    Failure   Level
 Call Imp                 Summ           13%        N/A       7%          2
 Slow                     Hex            20%        N/A       11%         1
 Call Canine Familiar     Summ           13%        N/A       14%         3
 Portal Projectile        Hex/Tloc       24%        N/A       17%         3
 Manifold Assault         Tloc           18%        N/A       63%         5
 Leda's Liquefaction      Hex/Erth       2%         N/A       71%         4
 Storm Form               Tmut/Air       5%         N/A       100%        7


Dungeon Overview and Level Annotations

Branches:
Dungeon (5/15)            Ossuary (visited)
 Temple: D:4-7

Altars:
Kikubaaqudgha
Sif Muna

Shops:
D:2 *


Message History

You are very lightly contaminated with residual magic.
Nothing appears to happen.
Casting: Magic Dart (safe; 2% risk of failure)
Confirm with . or Enter, or press ? or * to list all spells.
Aiming: Magic Dart (safe; 2% risk of failure)
Press: ? - help, Shift-Dir - straight line, f/p - gargoyle
Aim: a gargoyle, wielding a +0 mace (100% to hit)
The magic dart hits the gargoyle but does no damage.
Casting: Magic Dart (safe; 2% risk of failure)
Confirm with . or Enter, or press ? or * to list all spells.
Aiming: Magic Dart (safe; 2% risk of failure)
Press: ? - help, Shift-Dir - straight line, f/p - gargoyle
Aim: a gargoyle, wielding a +0 mace (100% to hit)
The magic dart hits the gargoyle but does no damage.
The gargoyle hurls a stone arrow at you.
The stone arrow hits you!!
Ouch! That really hurt!
Casting: Magic Dart (safe; 2% risk of failure)
Confirm with . or Enter, or press ? or * to list all spells.
Aiming: Magic Dart (safe; 2% risk of failure)
Press: ? - help, Shift-Dir - straight line, f/p - gargoyle
Aim: a gargoyle, wielding a +0 mace (100% to hit)
The magic dart hits the gargoyle but does no damage.
Casting: Magic Dart (safe; 2% risk of failure)
Confirm with . or Enter, or press ? or * to list all spells.
Aiming: Magic Dart (safe; 2% risk of failure)
Press: ? - help, Shift-Dir - straight line, f/p - gargoyle
Aim: a gargoyle, wielding a +0 mace (100% to hit)
The magic dart hits the gargoyle but does no damage.
Casting: Magic Dart (safe; 2% risk of failure)
Confirm with . or Enter, or press ? or * to list all spells.
Aiming: Magic Dart (safe; 2% risk of failure)
Press: ? - help, Shift-Dir - straight line, f/p - gargoyle
Aim: a gargoyle, wielding a +0 mace (100% to hit)
The magic dart hits the gargoyle.
The gargoyle is moderately damaged.
The gargoyle hurls a stone arrow at you.
The stone arrow hits you!!
Ouch! That really hurt!
You die...

#.... ##.#.#
####.....
+.......#
#....# #9#
#ยง# #.#
##@# #..#
#.## #####.#
..##(#
#.##.#
.######)##.#
...........#
.######.####


You could see a gargoyle.

Vanquished Creatures
  2 ogres
  A scorpion (D:4)
  A vampire bat (D:3)
  2 hounds
  A bullfrog zombie (D:4)
  A centaur skeleton (D:4)
  An orc wizard (D:3)
  8 mummies (Ossuary)
  A howler monkey zombie (D:5)
  4 adders
  A worm (D:4)
  4 dart slugs
  5 orcs
  6 bats
  2 bat skeletons (D:3)
  4 bat zombies (D:3)
  6 endoplasms
  3 giant cockroaches
  7 goblins
  2 hobgoblins (D:4)
  4 jackals (D:3)
  4 ball pythons
  A frilled lizard (D:1)
  3 gnoll zombies (Ossuary)
  2 hobgoblin zombies (Ossuary)
  A kobold (D:4)
  A kobold zombie (Ossuary)
  2 orc zombies (Ossuary)
  7 rats
87 creatures vanquished.

Vanquished Creatures (others)
  18 plants (D:2)
18 creatures vanquished.

Grand Total: 105 creatures vanquished

Notes
Turn   | Place    | Note
-------+----------+-------------------------------------------
     0 | D:1      | Ordine the Deep Elf Hedge Wizard began the quest for the
                  | Orb.
     0 | D:1      | Reached XP level 1. HP: 10/10 MP: 7/7
   394 | D:1      | Reached XP level 2. HP: 15/15 MP: 0/9
   397 | D:1      | Learned a level 2 spell: Blink
  1390 | D:2      | Identified the +11 quarterstaff of Debt {elec, rElec rC+}
  1426 | D:2      | Reached XP level 3. HP: 19/19 MP: 4/11
  1550 | D:2      | Found Xaanid's General Store.
  1590 | D:2      | Found a faded altar of an unknown god.
  1865 | D:2      | Learned a level 3 spell: Conjure Flame
  1869 | D:2      | Learned a level 3 spell: Mephitic Cloud
  2479 | D:3      | Found an ancient bone altar of Kikubaaqudgha.
  2486 | D:3      | Reached XP level 4. HP: 23/24 MP: 8/12
  2591 | D:3      | Noticed an ogre
  2984 | D:3      | Reached skill level 1 in Staves
  2984 | D:3      | Reached skill level 5 in Spellcasting
  2984 | D:3      | Reached skill level 1 in Fire Magic
  2984 | D:3      | Reached skill level 1 in Poison Magic
  3332 | D:4      | Reached XP level 5. HP: 25/28 MP: 10/14
  3570 | D:4      | Reached skill level 1 in Air Magic
  3616 | D:4      | Noticed an ogre
  3663 | D:4      | Killed an ogre
  3664 | D:4      | Reached XP level 6. HP: 32/32 MP: 2/15
  4407 | D:5      | Entered Level 5 of the Dungeon
  4407 | D:5      | Found a shimmering blue altar of Sif Muna.
  4415 | D:5      | Became a worshipper of Sif Muna the Loreminder
  4492 | D:5      | Reached XP level 7. HP: 36/36 MP: 13/16
  4636 | D:5      | Found a sand-covered staircase.
  4651 | Ossuary  | Entered an ossuary
  5136 | D:5      | Noticed a gargoyle
  5147 | D:5      | Killed from afar by a gargoyle

Illustrated notes

Levels and vault maps discovered:
D:1:      tarquinn_simple_flora_water_d, layout_loops_ring
D:2:      layout_loops_ring, serial_shops, nicolae_square_shop,
          ebering_ecumenical_altar_webs, serial_bayou, serial_bayou_pond_c,
          serial_bayou_shore_b, serial_bayou_pond_a, serial_bayou_lagoon_a,
          minmay_misc_feat_enclosed
D:3:      layout_rooms, kennysheep_vampire_church
D:4:      layout_basic
D:5:      layout_loops_corners, mainiacjoe_overflow_catwalk,
          lightli_ossuary_entry_decrepit_ruins, st_stairs_3

Skill      XL: |  1  2  3  4  5  6 |
---------------+-------------------+-----
Conjurations   | 2 3 |  3.6
Stealth        | 3 |  3.0
Dodging        | 3 |  3.0
Staves         | 1 2 |  2.6
Spellcasting   | 5 |  5.0
Summonings     | 2 |  2.0
Fire Magic     | 1 2 |  2.9
Poison Magic   | 1 2 |  2.7
Translocations | 2 3 |  3.2
Air Magic      | 1 2 |  2.3

Action                   |  1- 3 |  4- 6 |  7- 9 || total
-------------------------+-------+-------+-------++-------
Melee: Dagger            |     2 |     2 |       ||     4
       Punch             |       |     1 |       ||     1
       Quarterstaff      |       |       |     4 ||     4
 Cast: Magic Dart        |    93 |   136 |    97 ||   326
       Blink             |       |     8 |       ||     8
       Conjure Flame     |       |    11 |     1 ||    12
       Mephitic Cloud    |       |     5 |       ||     5
  Use: Potion            |       |     1 |       ||     1
Armor: Robe              |     6 |     8 |       ||    14
Dodge: Dodged            |    27 |    37 |     8 ||    72

Table legend: (Time is in decaauts)
 A = Elapsed time spent in this place.
 B = Non-inter-level travel time spent in this place.
 C = Inter-level travel time spent in this place.
 D = Time resting spent in this place.
 E = Time spent auto-exploring this place.
 F = Levels seen in this place.
 G = Mean time per level.
                   A        B        C        D        E       F      G
               +--------+--------+--------+--------+--------+-----+--------+
         Total |   5168 |   4973 |    195 |   1147 |   3045 |   6 |  861.3 |
       Dungeon |   4706 |   4511 |    195 |    932 |   2931 |   5 |  941.2 |
       Ossuary |    461 |    461 |      0 |    215 |    114 |   1 |  461.0 |
               +--------+--------+--------+--------+--------+-----+--------+

Top non-repeatable levels by time:
     D:3: 1454 daAuts
     D:1: 1243 daAuts
     D:2: 921 daAuts
     D:4: 809 daAuts
 Ossuary: 461 daAuts
     D:5: 278 daAuts
